 Dungeon Crawl Stone Soup version 0.29-a0-322-g68df515428 (webtiles) character file.

Game seed: 1848130019582862826

72 GigaChad the Skirmisher (level 4, 0/40 HPs)
             Began as a Draconian Berserker on Apr 6, 2022.
             Was a Believer of Trog.
             Slain by a hobgoblin (2 damage)
             ... led by Robin
             ... on level 2 of the Dungeon.
             The game lasted 00:05:56 (1195 turns).

GigaChad the Skirmisher (Draconian Berserker)       Turns: 1195, Time: 00:05:56

Health: 0/40       AC:  7    Str: 19    XL:     4   Next: 7%
Magic:  4/4        EV: 13    Int:  7    God:    Trog [**....]
Gold:   45         SH:  0    Dex: 13    Spells: 3/3 levels left

rFire   . . .      SeeInvis .   a - +1 falchion
rCold   . . .      Faith    .   (no shield)
rNeg    . . .      Spirit   .   (body armour unavailable)
rPois   .          Reflect  .   (helmet restricted)
rElec   .          Harm     .   (no cloak)
rCorr   .          Rampage  .   (no gloves)
Will    .....                   g - +1 pair of boots
Stlth   +.........              (no amulet)
HPRegen 0.13/turn               (no ring)
MPRegen 0.09/turn               (no ring)

@: no status effects
A: AC +5, unfitting armour, cold-blooded
a: Renounce Religion, Berserk, Trog's Hand


You were on level 2 of the Dungeon.
You worshipped Trog.
Trog was pleased with you.
You visited 1 branch of the dungeon, and saw 2 of its levels.

You collected 45 gold pieces.

Inventory:

Hand Weapons
 a - a +1 falchion (weapon)
Missiles
 f - 44 stones (quivered)
 h - a throwing net
Armour
 c - a +0 barding
 g - a +1 pair of boots (worn)
Scrolls
 b - a scroll of silence {unknown}
 i - a scroll of identify
Potions
 d - a potion of lignification {unknown}
 e - 4 potions of attraction
 j - a potion of heal wounds {unknown}
 k - a potion of curing {unknown}
 l - a potion of brilliance {unknown}


   Skills:
 + Level 4.0 Fighting
 + Level 3.8 Long Blades
 + Level 3.3 Dodging
 + Level 0.4 Stealth


You had 3 spell levels left.
You didn't know any spells.
Your spell library contained the following spells:

 Spells                   Type           Power      Damage    Failure   Level
 Stone Arrow              Conj/Erth      0%         3d7       80%         3
 Lehudib's Crystal Spear  Conj/Erth      0%         10d2      100%        8
 Animate Armour           Summ/Erth      Unusable   N/A       N/A         4

Dungeon Overview and Level Annotations

Branches:
Dungeon (2/15)

Altars:

Annotations:
D:2 Robin


Innate Abilities, Weirdness & Mutations

Your plain brown scales are hard. (AC +5)
You cannot fit into any form of body armour.
You are cold-blooded and may be slowed by cold attacks.


Message History

You kill the goblin!
Trog accepts your kill. The goblin closely misses you.
A goblin comes into view. It is wielding a +0 club. x2
The goblin closely misses you.
You see here a +0 club.
The goblin hits you but does no damage. The goblin hits you with a +0 club.
* * * LOW HITPOINT WARNING * * *
You closely miss the goblin. You tail-slap the goblin.
You kill the goblin!
Trog accepts your kill. The hobgoblin hits you.
* * * LOW HITPOINT WARNING * * *
A goblin comes into view. It is wielding a +0 club.
Things that are here:
a +0 club; a goblin corpse The hobgoblin attacks as you move away!
The hobgoblin hits you.
* * * LOW HITPOINT WARNING * * *
The goblin shouts!
The goblin barely misses you. Robin closely misses you.
The goblin attacks as you move away! The goblin barely misses you.
The hobgoblin closely misses you. Robin throws the goblin at you!
The goblin closely misses you.
You hit the goblin.
You kill the goblin!
Trog accepts your kill. Robin throws the goblin at you!
The hobgoblin barely misses you. The goblin barely misses you.
You hit the goblin.
You kill the goblin!
Trog accepts your kill.
A goblin comes into view. It is wielding a +0 dagger.
The goblin closely misses you. The bat barely misses you.
The goblin attacks as you move away! The goblin hits you with a +0 club.
* * * LOW HITPOINT WARNING * * *
A rat comes into view.
The goblin no longer looks unusually strong.
The bat misses you. The hobgoblin hits you.
You die...

## ## #### #. .# .... #r
.#.#... ##.## #. ####.#.....
#...# ###.##r.?.....$. #$..#
#...@.gg.g..g#.#
#...#####.#..gg)).#.....
#.........#.#b....# .g.g
#####...#####..###....# ..g
....................#.# g.
.............#.....#......rg
......................#....
#####...#####......####....
#.......)......# ...


You could see Robin, a hobgoblin (strong), 3 goblins, a bat and 2 rats.

Vanquished Creatures
  Jessica (D:2)
  A dart slug (D:1)
  A giant cockroach (D:1)
  9 goblins
  5 hobgoblins
  4 kobolds
  3 quokkas
  6 ball pythons
  6 bats (D:1)
  3 frilled lizards (D:1)
  2 rats
41 creatures vanquished.

Notes
Turn   | Place    | Note
-------+----------+-------------------------------------------
     0 | D:1      | GigaChad the Draconian Berserker began the quest for the
                  | Orb.
     0 | D:1      | Reached XP level 1. HP: 19/19 MP: 1/1
   117 | D:1      | Reached XP level 2. HP: 15/26 MP: 2/2
   520 | D:1      | Found a faded altar of an unknown god.
   610 | D:1      | Reached XP level 3. HP: 32/33 MP: 3/3
   947 | D:2      | Reached ** piety under Trog
  1117 | D:2      | Noticed Jessica
  1143 | D:2      | Killed Jessica
  1159 | D:2      | Reached skill level 4 in Fighting
  1159 | D:2      | Reached XP level 4. HP: 12/40 MP: 4/4
  1182 | D:2      | Noticed Robin
  1190 | D:2      | HP: 2/40 [hobgoblin[Robin] (5)]
  1195 | D:2      | HP: 2/40 [goblin/+0 club[Robin] (1)]
  1195 | D:2      | Slain by a hobgoblin

Illustrated notes

Levels and vault maps discovered:
D:1:      ncdulo_watergridlock, layout_basic, ebering_ecumenical_altar_webs,
          st_stairs_11
D:2:      layout_loops_cross, minivault_4, kennysheep_potato, uniq_jessica,
          uniq_robin

Skill      XL: |  1  2  3 |
---------------+----------+-----
Dodging        | 3 |  3.3
Fighting       | 4 |  4.0
Long Blades    | |  3.8
Stealth        | |  0.4

Action                   |  1- 3 |  4- 6 || total
-------------------------+-------+-------++-------
Melee: Falchion          |    95 |     4 ||    99
       Tailslap          |    13 |     1 ||    14
  Use: Scroll            |     5 |       ||     5
 Stab: Sleeping          |     1 |       ||     1
Armor: Skin              |    63 |     2 ||    65
Dodge: Dodged            |   124 |    13 ||   137

Table legend: (Time is in decaauts)
 A = Elapsed time spent in this place.
 B = Non-inter-level travel time spent in this place.
 C = Inter-level travel time spent in this place.
 D = Time resting spent in this place.
 E = Time spent auto-exploring this place.
 F = Levels seen in this place.
 G = Mean time per level.
                   A        B        C        D        E       F      G
               +--------+--------+--------+--------+--------+-----+--------+
         Total |   1217 |   1203 |     14 |      0 |    276 |   2 |  608.5 |
       Dungeon |   1217 |   1203 |     14 |      0 |    276 |   2 |  608.5 |
               +--------+--------+--------+--------+--------+-----+--------+

Top non-repeatable levels by time:
     D:1: 912 daAuts
     D:2: 304 daAuts
